[ AOE2 MATCH · #460039355 ]
UnrankedByzantines vs Georgians
[ REPLAY ANALYSIS · EXTRACTED FROM THE RECORDED GAME ]
Feudal
—
Castle
16:56
Imperial
22:55
| APM avg | 9.1 |
| APM peak | 49 |
| eAPM avg | 5.4 |
| Villagers / military | 0 / 7 |
Focus
⚔️ 73.3% · 🌾 26.7%
Trade Cart ×20 · Bombard Cannon ×5 · Mangonel ×2
Feudal
—
Castle
19:12
Imperial
24:16
| APM avg | 9.6 |
| APM peak | 43 |
| eAPM avg | 6.7 |
| Villagers / military | 0 / 1 |
Focus
⚔️ 21.4% · 🌾 78.6%
Trade Cart ×55 · Transport Ship ×1
Feudal
—
Castle
21:22
Imperial
31:42
| APM avg | 6.3 |
| APM peak | 42 |
| eAPM avg | 5.2 |
| Villagers / military | 0 / 1 |
Focus
⚔️ 31.8% · 🌾 68.2%
Trade Cart ×17 · Transport Ship ×1
Feudal
—
Castle
20:04
Imperial
30:27
| APM avg | 5.2 |
| APM peak | 32 |
| eAPM avg | 2.8 |
| Villagers / military | 0 / 5 |
Focus
⚔️ 35.6% · 🌾 64.4%
Mangonel ×5
Feudal
—
Castle
—
Imperial
—
| APM avg | 4.6 |
| APM peak | 27 |
| eAPM avg | 1.2 |
| Villagers / military | 0 / 0 |
Focus
⚔️ 20.0% · 🌾 80.0%
Feudal
—
Castle
—
Imperial
—
| APM avg | 0.5 |
| APM peak | 14 |
| eAPM avg | 0.1 |
| Villagers / military | 0 / 0 |
Focus
⚔️ 66.7% · 🌾 33.3%
Feudal
—
Castle
—
Imperial
—
| APM avg | 0.4 |
| APM peak | 13 |
| eAPM avg | 0.2 |
| Villagers / military | 0 / 0 |
Focus
⚔️ 30.8% · 🌾 69.2%
Feudal
—
Castle
24:05
Imperial
34:23
| APM avg | 3.7 |
| APM peak | 20 |
| eAPM avg | 2.8 |
| Villagers / military | 0 / 25 |
Focus
⚔️ 52.7% · 🌾 47.3%
Archer ×24 · Transport Ship ×1
Match map
Initial resources + every placement click. Lines = walls · curves = elevation contours. ◆ gold · ⬟ stone · ● berries · ✦ relic · ◌ wall gap
Your base
Nightwing's base
SweetLadyboy's base
Тхомпсон's base
Nicole, Yes I'm the Queen's base
lisva3696's base
Krack's base
shorty's base
Smoothed initial terrain · ◌ = detected wall gap · hover for details
Inputs per minute
— BLACK HOLE - - Nightwing
Build order — BLACK HOLE
First 150 of 209 actions detected
| 0:09 | Build | Lumber Camp |
| 0:10 | Build | Lumber Camp |
| 0:16 | Build | Outpost |
| 5:18 | Build | Lumber Camp |
| 5:19 | Build | Lumber Camp |
| 5:34 | Build | Mining Camp |
| 5:42 | Build | Mining Camp |
| 5:50 | Build | Mill |
| 6:52 | Build | Barracks |
| 7:17 | Build | Mill |
| 8:04 | Build | Blacksmith |
| 9:01 | Build | Stone Wall |
| 9:02 | Build | Stone Wall |
| 9:03 | Build | Stone Wall |
| 9:04 | Build | Stone Wall |
| 9:05 | Build | Stone Wall |
| 9:16 | Build | Market |
| 9:31 | Build | Town Center |
| 9:56 | Build | Stone Wall |
| 10:05 | Build | Stone Wall |
| 10:07 | Build | Stone Wall |
| 10:08 | Build | Stone Wall |
| 10:10 | Build | Stone Wall |
| 10:13 | Build | Stone Wall |
| 10:14 | Build | Stone Wall |
| 10:15 | Build | Stone Wall |
| 10:17 | Build | Stone Wall |
| 10:17 | Build | Stone Wall |
| 10:19 | Build | Stone Wall |
| 10:21 | Build | Stone Wall |
| 10:22 | Build | Stone Wall |
| 11:35 | Build | Mining Camp |
| 11:36 | Build | Mining Camp |
| 11:59 | Build | Mining Camp |
| 12:07 | Build | Mill |
| 12:10 | Build | Mill |
| 12:13 | Build | Mill |
| 12:26 | Build | House |
| 13:10 | Build | Stone Wall |
| 13:13 | Build | Stone Wall |
| 13:15 | Build | Stone Wall |
| 13:16 | Build | Stone Wall |
| 13:17 | Build | Stone Wall |
| 13:18 | Build | Stone Wall |
| 13:19 | Build | Stone Wall |
| 14:16 | Research | Castle Age |
| 14:17 | Research | Wheelbarrow |
| 14:33 | Build | Stone Wall |
| 14:35 | Build | Stone Wall |
| 14:37 | Build | Stone Wall |
| 14:39 | Build | Stone Wall |
| 14:43 | Build | Stone Wall |
| 14:45 | Build | Stone Wall |
| 14:48 | Build | Stone Wall |
| 16:25 | Build | Outpost |
| 16:56 | Age | Castle Age |
| 17:16 | Build | Siege Workshop |
| 17:21 | Build | University |
| 17:39 | Build | Stone Wall |
| 17:42 | Build | Stone Wall |
| 17:45 | Build | Stone Wall |
| 17:47 | Build | Stone Wall |
| 17:49 | Build | Stone Wall |
| 17:52 | Build | Stone Wall |
| 17:55 | Build | Stone Wall |
| 17:56 | Build | Stone Wall |
| 17:58 | Build | Stone Wall |
| 18:14 | Create | Mangonel |
| 19:45 | Research | Imperial Age |
| 19:46 | Research | Hand Cart |
| 20:12 | Create | Bombard Cannon ×5 |
| 20:32 | Build | House |
| 21:07 | Build | Stone Wall |
| 22:55 | Age | Imperial Age |
| 23:05 | Research | Guilds |
| 23:10 | Research | Arrowslits |
| 23:19 | Research | Onager (upgrade) |
| 23:48 | Build | Castle |
| 24:32 | Build | Stone Wall |
| 25:02 | Build | Stone Wall |
| 25:45 | Build | Stone Wall |
| 25:48 | Build | Stone Wall |
| 25:50 | Build | Stone Wall |
| 26:45 | Build | Stone Wall |
| 27:08 | Build | Stone Wall |
| 27:17 | Build | Stone Wall |
| 27:19 | Build | Stone Wall |
| 27:22 | Build | Stone Wall |
| 27:33 | Build | Stone Wall |
| 27:51 | Build | Stone Wall |
| 28:11 | Build | Stone Wall |
| 28:31 | Build | Stone Wall |
| 28:46 | Build | Stone Wall |
| 28:53 | Build | Stone Wall |
| 29:05 | Build | Stone Wall |
| 29:08 | Build | Stone Wall |
| 29:09 | Build | Stone Wall |
| 30:24 | Build | Stone Wall |
| 30:30 | Build | Stone Wall |
| 31:17 | Build | Lumber Camp |
| 31:46 | Build | Stone Wall |
| 33:09 | Research | Caravan |
| 33:11 | Create | Trade Cart ×5 |
| 33:34 | Build | Stone Wall |
| 33:39 | Build | Stone Wall |
| 33:40 | Build | Stone Wall |
| 33:41 | Build | Stone Wall |
| 33:43 | Build | Stone Wall |
| 35:43 | Build | Stone Wall |
| 36:26 | Create | Mangonel |
| 38:06 | Build | Stone Wall |
| 38:08 | Build | Stone Wall |
| 38:09 | Build | Stone Wall |
| 38:09 | Build | Stone Wall |
| 38:11 | Build | Stone Wall |
| 38:48 | Build | Stone Wall |
| 39:08 | Build | Stone Wall |
| 39:16 | Build | Stone Wall |
| 39:25 | Build | Stone Wall |
| 39:32 | Build | Stone Wall |
| 39:42 | Build | Stone Wall |
| 39:55 | Build | Stone Wall |
| 40:06 | Build | Stone Wall |
| 40:12 | Build | Stone Wall |
| 40:17 | Build | Stone Wall |
| 41:12 | Build | Stone Wall |
| 42:38 | Build | Stone Wall |
| 43:20 | Build | Stone Wall |
| 43:37 | Build | Stone Wall |
| 45:04 | Build | Stone Wall |
| 45:10 | Build | Stone Wall |
| 45:25 | Build | Stone Wall |
| 45:43 | Build | Stone Wall |
| 45:56 | Build | Stone Wall |
| 47:20 | Build | Stone Wall |
| 48:06 | Build | Stone Wall |
| 48:07 | Build | Stone Wall |
| 48:26 | Build | Stone Wall |
| 48:27 | Build | Stone Wall |
| 48:33 | Build | Stone Wall |
| 48:57 | Build | Stone Wall |
| 48:59 | Build | Stone Wall |
| 49:00 | Build | Stone Wall |
| 49:09 | Build | Stone Wall |
| 49:16 | Build | Stone Wall |
| 50:00 | Build | Stone Wall |
| 50:05 | Build | Stone Wall |
| 50:15 | Build | Stone Wall |
| 50:28 | Build | Stone Wall |
| 50:38 | Build | Stone Wall |
Build order — Nightwing
First 150 of 226 actions detected
| 1:04 | Build | Outpost |
| 1:10 | Build | Lumber Camp |
| 1:11 | Build | Lumber Camp |
| 1:12 | Build | Lumber Camp |
| 3:07 | Build | Mining Camp |
| 3:15 | Build | Mill |
| 5:55 | Build | Mining Camp |
| 5:56 | Build | Mining Camp |
| 5:57 | Build | Mining Camp |
| 5:59 | Build | Mining Camp |
| 6:07 | Build | Barracks |
| 7:19 | Build | Archery Range |
| 7:40 | Build | Lumber Camp |
| 9:13 | Build | Blacksmith |
| 9:21 | Build | Watch Tower |
| 9:22 | Build | Watch Tower |
| 9:45 | Build | Town Center |
| 10:39 | Build | Watch Tower |
| 10:39 | Build | Watch Tower |
| 10:53 | Build | Mining Camp |
| 11:01 | Build | Mill |
| 11:11 | Build | Outpost |
| 11:36 | Build | Watch Tower |
| 11:48 | Build | Mill |
| 11:59 | Build | Watch Tower |
| 15:11 | Build | Market |
| 15:59 | Build | Mill |
| 16:02 | Build | Mill |
| 16:32 | Research | Castle Age |
| 16:33 | Research | Wheelbarrow |
| 17:13 | Build | Watch Tower |
| 17:15 | Build | Watch Tower |
| 17:17 | Build | Watch Tower |
| 19:12 | Age | Castle Age |
| 19:14 | Build | University |
| 19:16 | Build | Siege Workshop |
| 19:24 | Build | Castle |
| 19:34 | Build | Watch Tower |
| 19:35 | Build | Watch Tower |
| 19:35 | Build | Watch Tower |
| 21:06 | Research | Imperial Age |
| 21:07 | Research | Hand Cart |
| 21:16 | Research | Hand Cart |
| 21:22 | Research | Caravan |
| 23:38 | Build | Watch Tower |
| 23:39 | Build | Watch Tower |
| 23:39 | Build | Watch Tower |
| 23:39 | Build | Watch Tower |
| 23:40 | Build | Watch Tower |
| 23:40 | Build | Watch Tower |
| 23:41 | Build | Watch Tower |
| 23:41 | Build | Watch Tower |
| 23:42 | Build | Watch Tower |
| 23:42 | Build | Watch Tower |
| 23:42 | Build | Watch Tower |
| 23:43 | Build | Watch Tower |
| 23:43 | Build | Watch Tower |
| 23:43 | Build | Watch Tower |
| 23:44 | Build | Watch Tower |
| 24:16 | Age | Imperial Age |
| 24:18 | Build | Mule Cart |
| 24:32 | Research | Arrowslits |
| 24:33 | Research | Chemistry |
| 24:53 | Research | Svan Towers |
| 25:00 | Build | Watch Tower |
| 25:01 | Build | Watch Tower |
| 25:16 | Build | Watch Tower |
| 25:42 | Build | Watch Tower |
| 25:44 | Build | Watch Tower |
| 25:44 | Build | Watch Tower |
| 25:45 | Build | Watch Tower |
| 25:47 | Build | Watch Tower |
| 25:50 | Build | Watch Tower |
| 26:22 | Research | Double-Bit Axe |
| 26:48 | Research | Bow Saw |
| 27:19 | Build | Watch Tower |
| 27:19 | Build | Watch Tower |
| 27:20 | Build | Watch Tower |
| 28:51 | Build | Watch Tower |
| 28:52 | Build | Watch Tower |
| 28:53 | Build | Watch Tower |
| 29:38 | Research | Keep (upgrade) |
| 29:55 | Build | Watch Tower |
| 29:55 | Build | Watch Tower |
| 29:56 | Build | Watch Tower |
| 29:58 | Build | Watch Tower |
| 29:59 | Build | Watch Tower |
| 29:59 | Build | Watch Tower |
| 30:00 | Build | Watch Tower |
| 30:07 | Research | Guilds |
| 32:22 | Build | Lumber Camp |
| 32:23 | Build | Lumber Camp |
| 33:12 | Build | Watch Tower |
| 33:13 | Build | Watch Tower |
| 33:57 | Build | Lumber Camp |
| 34:19 | Build | Lumber Camp |
| 36:12 | Build | House |
| 36:32 | Build | House |
| 36:34 | Build | House |
| 36:35 | Build | House |
| 36:36 | Build | House |
| 36:37 | Build | House |
| 36:38 | Build | House |
| 39:22 | Create | Trade Cart ×5 |
| 39:22 | Create | Trade Cart ×5 |
| 41:32 | Build | Watch Tower |
| 41:32 | Build | Watch Tower |
| 41:34 | Build | Watch Tower |
| 41:34 | Build | Watch Tower |
| 41:35 | Build | Watch Tower |
| 41:57 | Build | Watch Tower |
| 41:58 | Build | Watch Tower |
| 42:02 | Build | Watch Tower |
| 42:02 | Build | Watch Tower |
| 42:02 | Build | Watch Tower |
| 42:08 | Build | Watch Tower |
| 42:08 | Build | Watch Tower |
| 42:09 | Build | Watch Tower |
| 42:09 | Build | Watch Tower |
| 42:10 | Build | Watch Tower |
| 42:10 | Build | Watch Tower |
| 42:10 | Build | Watch Tower |
| 42:57 | Build | Watch Tower |
| 42:59 | Build | Watch Tower |
| 42:59 | Build | Watch Tower |
| 43:00 | Build | Watch Tower |
| 43:00 | Build | Watch Tower |
| 43:00 | Build | Watch Tower |
| 43:02 | Build | Watch Tower |
| 43:03 | Build | Watch Tower |
| 43:04 | Build | Watch Tower |
| 43:04 | Build | Watch Tower |
| 43:05 | Build | Watch Tower |
| 43:05 | Build | Watch Tower |
| 43:05 | Build | Watch Tower |
| 43:06 | Build | Watch Tower |
| 43:06 | Build | Watch Tower |
| 43:23 | Age | Imperial Age |
| 43:53 | Build | Watch Tower |
| 43:55 | Build | Watch Tower |
| 43:55 | Build | Watch Tower |
| 43:55 | Build | Watch Tower |
| 43:56 | Build | Watch Tower |
| 43:59 | Build | Watch Tower |
| 43:59 | Build | Watch Tower |
| 44:00 | Build | Watch Tower |
| 44:00 | Build | Watch Tower |
| 44:00 | Build | Watch Tower |
| 44:00 | Build | Watch Tower |
| 44:10 | Build | Watch Tower |
Build order — SweetLadyboy
First 150 of 207 actions detected
| 2:48 | Build | Stone Wall |
| 2:49 | Build | Stone Wall |
| 2:50 | Build | Stone Wall |
| 3:04 | Build | Lumber Camp |
| 3:05 | Build | Lumber Camp |
| 3:07 | Build | Lumber Camp |
| 3:09 | Build | Lumber Camp |
| 3:34 | Build | Lumber Camp |
| 3:35 | Build | Lumber Camp |
| 3:37 | Build | Lumber Camp |
| 3:38 | Build | Lumber Camp |
| 3:40 | Build | Lumber Camp |
| 4:34 | Build | Stone Wall |
| 6:11 | Build | Mining Camp |
| 6:13 | Build | Mining Camp |
| 6:15 | Build | Mining Camp |
| 6:16 | Build | Mining Camp |
| 6:18 | Build | Mining Camp |
| 6:52 | Build | Mill |
| 6:53 | Build | Mill |
| 6:55 | Build | Mill |
| 6:57 | Build | Mill |
| 7:00 | Build | Mill |
| 7:57 | Build | Outpost |
| 10:06 | Build | Barracks |
| 10:17 | Build | Blacksmith |
| 10:23 | Build | Market |
| 10:50 | Build | Town Center |
| 11:27 | Build | Stone Wall |
| 11:33 | Build | Stone Wall |
| 11:37 | Build | Stone Wall |
| 11:41 | Build | Stone Wall |
| 11:43 | Build | Stone Wall |
| 11:46 | Build | Stone Wall |
| 11:48 | Build | Stone Wall |
| 13:15 | Build | Watch Tower |
| 13:16 | Build | Watch Tower |
| 13:19 | Build | Watch Tower |
| 13:21 | Build | Watch Tower |
| 18:42 | Research | Castle Age |
| 19:01 | Build | Stone Wall |
| 19:04 | Build | Stone Wall |
| 19:08 | Build | Stone Wall |
| 19:12 | Build | Stone Wall |
| 19:16 | Build | Stone Wall |
| 19:17 | Build | Stone Wall |
| 19:19 | Build | Stone Wall |
| 19:20 | Build | Stone Wall |
| 19:22 | Build | Stone Wall |
| 19:24 | Build | Stone Wall |
| 19:25 | Build | Stone Wall |
| 19:27 | Build | Stone Wall |
| 19:30 | Build | Stone Wall |
| 20:40 | Build | Watch Tower |
| 20:41 | Build | Watch Tower |
| 20:42 | Build | Watch Tower |
| 20:43 | Build | Watch Tower |
| 21:22 | Age | Castle Age |
| 21:41 | Build | University |
| 21:53 | Build | University |
| 22:19 | Research | Wheelbarrow |
| 22:25 | Research | Town Watch |
| 23:08 | Research | Guard Tower (upgrade) |
| 23:10 | Research | Masonry |
| 23:13 | Research | Murder Holes |
| 23:30 | Build | Castle |
| 23:41 | Research | Hand Cart |
| 25:18 | Research | Town Patrol |
| 27:12 | Research | Yasama |
| 27:54 | Build | Watch Tower |
| 27:55 | Build | Watch Tower |
| 27:56 | Build | Watch Tower |
| 28:32 | Research | Imperial Age |
| 31:35 | Build | Watch Tower |
| 31:36 | Build | Watch Tower |
| 31:38 | Build | Watch Tower |
| 31:42 | Age | Imperial Age |
| 31:51 | Research | Arrowslits |
| 31:52 | Research | Chemistry |
| 31:53 | Research | Keep (upgrade) |
| 33:11 | Build | Watch Tower |
| 33:12 | Build | Watch Tower |
| 33:14 | Build | Watch Tower |
| 33:15 | Build | Watch Tower |
| 33:16 | Build | Watch Tower |
| 33:18 | Build | Watch Tower |
| 33:23 | Build | Watch Tower |
| 36:05 | Research | Gold Mining |
| 36:11 | Research | Stone Mining |
| 36:18 | Research | Double-Bit Axe |
| 36:21 | Research | Horse Collar |
| 38:11 | Build | Watch Tower |
| 38:12 | Build | Watch Tower |
| 38:13 | Build | Watch Tower |
| 38:19 | Age | Castle Age |
| 43:51 | Build | Watch Tower |
| 43:54 | Build | Watch Tower |
| 43:55 | Build | Watch Tower |
| 43:56 | Build | Watch Tower |
| 43:58 | Build | Watch Tower |
| 43:59 | Build | Watch Tower |
| 43:59 | Build | Watch Tower |
| 44:00 | Build | Watch Tower |
| 44:02 | Build | Watch Tower |
| 46:16 | Build | Outpost |
| 47:00 | Research | Bow Saw |
| 47:02 | Research | Gold Shaft Mining |
| 47:07 | Research | Heavy Plow |
| 47:18 | Research | Conscription |
| 47:19 | Research | Kataparuto |
| 47:23 | Research | Hoardings |
| 48:12 | Build | Stone Wall |
| 48:13 | Build | Stone Wall |
| 48:15 | Build | Stone Wall |
| 48:22 | Build | Stone Wall |
| 48:24 | Build | Stone Wall |
| 48:27 | Build | Stone Wall |
| 48:29 | Build | Stone Wall |
| 48:31 | Build | Stone Wall |
| 48:34 | Build | Stone Wall |
| 48:36 | Build | Stone Wall |
| 48:38 | Build | Stone Wall |
| 48:40 | Build | Stone Wall |
| 48:42 | Build | Stone Wall |
| 48:45 | Build | Stone Wall |
| 48:48 | Build | Stone Wall |
| 48:52 | Build | Stone Wall |
| 49:00 | Build | Stone Wall |
| 49:02 | Build | Stone Wall |
| 49:06 | Build | Stone Wall |
| 49:07 | Build | Stone Wall |
| 49:11 | Build | Stone Wall |
| 49:14 | Build | Stone Wall |
| 49:22 | Build | Stone Wall |
| 49:41 | Research | Two-Man Saw |
| 53:52 | Build | Watch Tower |
| 53:53 | Build | Watch Tower |
| 53:53 | Build | Watch Tower |
| 53:53 | Build | Watch Tower |
| 53:54 | Build | Watch Tower |
| 53:55 | Build | Watch Tower |
| 53:55 | Build | Watch Tower |
| 53:56 | Build | Watch Tower |
| 57:17 | Age | Imperial Age |
| 60:08 | Research | Caravan |
| 64:23 | Build | Watch Tower |
| 64:24 | Build | Watch Tower |
| 64:25 | Build | Watch Tower |
| 64:26 | Build | Watch Tower |
| 64:27 | Build | Watch Tower |
Build order — Тхомпсон
126 actions detected in the replay
| 1:06 | Build | Lumber Camp |
| 1:07 | Build | Lumber Camp |
| 1:09 | Build | Mining Camp |
| 2:10 | Build | Outpost |
| 3:41 | Build | Lumber Camp |
| 3:42 | Build | Lumber Camp |
| 3:46 | Build | Lumber Camp |
| 4:09 | Build | Lumber Camp |
| 5:23 | Build | Mining Camp |
| 5:25 | Build | Mining Camp |
| 5:31 | Build | Blacksmith |
| 6:20 | Build | Mining Camp |
| 6:29 | Build | Mining Camp |
| 7:04 | Build | Market |
| 7:34 | Build | Mill |
| 7:36 | Build | Mill |
| 7:50 | Build | Mill |
| 9:10 | Build | Town Center |
| 9:34 | Build | Mill |
| 14:24 | Build | Stone Wall |
| 14:42 | Build | Town Center |
| 15:41 | Build | Stone Wall |
| 15:45 | Build | Stone Wall |
| 15:51 | Build | Barracks |
| 16:25 | Build | Stone Wall |
| 16:59 | Build | Stone Wall |
| 17:24 | Research | Castle Age |
| 17:47 | Build | Blacksmith |
| 17:51 | Build | Market |
| 18:54 | Build | Mining Camp |
| 18:58 | Build | Mining Camp |
| 19:00 | Build | Mining Camp |
| 19:02 | Build | Mining Camp |
| 20:04 | Age | Castle Age |
| 20:09 | Build | University |
| 20:28 | Research | Wheelbarrow |
| 20:45 | Build | Archery Range |
| 21:24 | Build | Mining Camp |
| 21:42 | Build | Lumber Camp |
| 21:43 | Build | Lumber Camp |
| 21:45 | Build | Lumber Camp |
| 21:48 | Build | Mill |
| 22:10 | Build | Mill |
| 22:42 | Build | Mill |
| 23:02 | Build | Mill |
| 23:24 | Build | Watch Tower |
| 23:26 | Build | Watch Tower |
| 23:27 | Build | Watch Tower |
| 23:29 | Build | Watch Tower |
| 23:31 | Build | Watch Tower |
| 23:34 | Build | Watch Tower |
| 25:02 | Build | Mill |
| 25:39 | Build | Lumber Camp |
| 25:47 | Build | Castle |
| 26:04 | Build | Siege Workshop |
| 26:39 | Build | Lumber Camp |
| 27:17 | Research | Imperial Age |
| 27:17 | Research | Imperial Age |
| 29:08 | Build | Watch Tower |
| 29:10 | Build | Watch Tower |
| 30:27 | Age | Imperial Age |
| 30:31 | Research | Keep (upgrade) |
| 30:32 | Research | Arrowslits |
| 30:33 | Research | Chemistry |
| 30:51 | Build | Stone Wall |
| 30:56 | Build | Stone Wall |
| 31:15 | Build | Stone Wall |
| 31:39 | Research | Yasama |
| 32:44 | Build | Watch Tower |
| 32:48 | Build | Watch Tower |
| 33:55 | Research | Masonry |
| 33:59 | Research | Hand Cart |
| 35:23 | Research | Hoardings |
| 35:38 | Build | Watch Tower |
| 35:39 | Build | Watch Tower |
| 37:01 | Build | Siege Workshop |
| 37:06 | Build | Watch Tower |
| 37:07 | Build | Watch Tower |
| 37:08 | Build | Watch Tower |
| 37:09 | Build | Watch Tower |
| 37:11 | Build | Watch Tower |
| 37:39 | Build | Watch Tower |
| 37:41 | Build | Watch Tower |
| 37:42 | Build | Watch Tower |
| 37:44 | Build | Watch Tower |
| 38:56 | Create | Mangonel |
| 38:59 | Create | Mangonel |
| 38:59 | Create | Mangonel |
| 39:01 | Create | Mangonel |
| 39:12 | Create | Mangonel |
| 42:35 | Build | Watch Tower |
| 42:35 | Build | Watch Tower |
| 44:16 | Research | Town Watch |
| 46:04 | Build | Watch Tower |
| 46:04 | Build | Watch Tower |
| 46:05 | Build | Watch Tower |
| 46:05 | Build | Watch Tower |
| 46:05 | Build | Watch Tower |
| 46:06 | Build | Watch Tower |
| 46:06 | Build | Watch Tower |
| 46:22 | Research | Onager (upgrade) |
| 49:53 | Build | Watch Tower |
| 49:53 | Build | Watch Tower |
| 49:53 | Build | Watch Tower |
| 49:54 | Build | Watch Tower |
| 49:54 | Build | Watch Tower |
| 49:54 | Build | Watch Tower |
| 49:55 | Build | Watch Tower |
| 49:55 | Build | Watch Tower |
| 49:55 | Build | Watch Tower |
| 52:47 | Build | Watch Tower |
| 52:48 | Build | Watch Tower |
| 52:48 | Build | Watch Tower |
| 52:51 | Build | Watch Tower |
| 52:52 | Build | Watch Tower |
| 52:53 | Build | Watch Tower |
| 52:54 | Build | Watch Tower |
| 54:52 | Build | Watch Tower |
| 54:53 | Build | Watch Tower |
| 54:54 | Build | Watch Tower |
| 54:54 | Build | Watch Tower |
| 54:55 | Build | Watch Tower |
| 54:59 | Build | Watch Tower |
| 55:01 | Build | Watch Tower |
| 55:53 | Age | Imperial Age |
| 57:43 | Build | Watch Tower |
Build order — Nicole, Yes I'm the Queen
0 actions detected in the replay
Build order — lisva3696
1 actions detected in the replay
| 0:25 | Build | House |
Build order — Krack
2 actions detected in the replay
| 2:33 | Build | Lumber Camp |
| 6:47 | Build | Market |
Build order — shorty
First 150 of 175 actions detected
| 2:50 | Build | Stone Wall |
| 3:00 | Build | Stone Wall |
| 3:47 | Build | Lumber Camp |
| 3:50 | Build | Lumber Camp |
| 3:58 | Build | Mining Camp |
| 3:59 | Build | Mining Camp |
| 4:54 | Build | Stone Wall |
| 4:59 | Build | Stone Wall |
| 5:39 | Build | Mining Camp |
| 5:42 | Build | Mining Camp |
| 5:57 | Build | Stone Wall |
| 6:03 | Build | Stone Wall |
| 6:48 | Build | Stone Wall |
| 6:57 | Build | Stone Wall |
| 7:40 | Build | Lumber Camp |
| 7:41 | Build | Lumber Camp |
| 8:02 | Build | Stone Wall |
| 8:09 | Build | Stone Wall |
| 8:46 | Build | Lumber Camp |
| 8:54 | Build | Mining Camp |
| 9:12 | Build | Stone Wall |
| 10:09 | Build | Stone Wall |
| 10:12 | Build | Stone Wall |
| 10:34 | Build | Archery Range |
| 10:41 | Build | Barracks |
| 11:24 | Build | Stone Wall |
| 12:21 | Build | Mill |
| 12:23 | Build | Mill |
| 12:25 | Build | Mill |
| 12:26 | Build | Mill |
| 12:28 | Build | Mill |
| 12:29 | Build | Mill |
| 12:53 | Build | Watch Tower |
| 12:55 | Build | Watch Tower |
| 12:57 | Build | Watch Tower |
| 12:58 | Build | Watch Tower |
| 13:00 | Build | Watch Tower |
| 15:47 | Research | Double-Bit Axe |
| 16:07 | Research | Stone Mining |
| 16:35 | Build | Town Center |
| 19:51 | Build | Market |
| 20:01 | Build | Blacksmith |
| 20:26 | Build | Stone Wall |
| 20:29 | Build | Stone Wall |
| 20:32 | Build | Stone Wall |
| 20:35 | Build | Stone Wall |
| 20:39 | Build | Stone Wall |
| 20:42 | Build | Stone Wall |
| 20:46 | Build | Stone Wall |
| 20:49 | Build | Stone Wall |
| 21:25 | Research | Castle Age |
| 21:54 | Build | Watch Tower |
| 21:56 | Build | Watch Tower |
| 21:57 | Build | Watch Tower |
| 21:59 | Build | Watch Tower |
| 22:00 | Build | Watch Tower |
| 24:05 | Age | Castle Age |
| 24:31 | Build | University |
| 25:59 | Build | Castle |
| 26:41 | Build | Castle |
| 26:57 | Research | Masonry |
| 29:50 | Research | Elite Skirmisher (upgrade) |
| 30:02 | Create | Archer ×5 |
| 30:03 | Create | Archer ×5 |
| 30:03 | Create | Archer ×5 |
| 30:03 | Create | Archer ×5 |
| 30:03 | Create | Archer ×4 |
| 30:19 | Research | Yasama |
| 30:33 | Build | Stone Wall |
| 30:38 | Build | Stone Wall |
| 30:51 | Build | Stone Wall |
| 30:55 | Build | Stone Wall |
| 30:58 | Build | Stone Wall |
| 31:02 | Build | Stone Wall |
| 31:13 | Research | Imperial Age |
| 31:48 | Build | Watch Tower |
| 31:50 | Build | Watch Tower |
| 31:51 | Build | Watch Tower |
| 31:52 | Build | Watch Tower |
| 31:53 | Build | Watch Tower |
| 32:37 | Research | Horse Collar |
| 32:41 | Research | Gold Mining |
| 32:44 | Research | Bow Saw |
| 33:24 | Research | Caravan |
| 34:23 | Age | Imperial Age |
| 34:36 | Research | Conscription |
| 34:38 | Research | Hoardings |
| 34:42 | Research | Chemistry |
| 34:44 | Research | Keep (upgrade) |
| 34:45 | Research | Arrowslits |
| 35:10 | Build | Stone Wall |
| 35:13 | Build | Stone Wall |
| 35:20 | Build | Stone Wall |
| 35:28 | Build | Stone Wall |
| 35:34 | Build | Stone Wall |
| 35:36 | Build | Stone Wall |
| 35:42 | Build | Stone Wall |
| 35:51 | Build | Stone Wall |
| 35:58 | Build | Stone Wall |
| 36:22 | Research | Heavy Plow |
| 36:29 | Research | Two-Man Saw |
| 36:33 | Research | Gold Shaft Mining |
| 38:50 | Build | Watch Tower |
| 38:52 | Build | Watch Tower |
| 38:53 | Build | Watch Tower |
| 38:54 | Build | Watch Tower |
| 38:55 | Build | Watch Tower |
| 38:56 | Build | Watch Tower |
| 38:57 | Build | Watch Tower |
| 42:12 | Research | Kataparuto |
| 42:13 | Research | Elite Samurai (upgrade) |
| 43:05 | Build | Castle |
| 43:23 | Age | Castle Age |
| 46:48 | Build | Watch Tower |
| 46:50 | Build | Watch Tower |
| 46:52 | Build | Watch Tower |
| 46:53 | Build | Watch Tower |
| 46:55 | Build | Watch Tower |
| 47:24 | Research | Town Watch |
| 47:26 | Research | Wheelbarrow |
| 49:43 | Research | Tech 967 |
| 51:21 | Build | Watch Tower |
| 51:24 | Build | Watch Tower |
| 51:26 | Build | Watch Tower |
| 51:29 | Build | Watch Tower |
| 51:31 | Build | Watch Tower |
| 51:32 | Build | Watch Tower |
| 51:34 | Build | Watch Tower |
| 51:36 | Build | Watch Tower |
| 53:03 | Build | Dock |
| 54:19 | Create | Transport Ship |
| 57:55 | Build | Stone Wall |
| 58:13 | Build | Stone Wall |
| 58:16 | Build | Stone Wall |
| 58:19 | Build | Stone Wall |
| 58:19 | Age | Imperial Age |
| 58:24 | Build | Stone Wall |
| 58:34 | Build | Stone Wall |
| 61:02 | Build | Stone Wall |
| 61:06 | Build | Stone Wall |
| 61:08 | Build | Stone Wall |
| 61:10 | Build | Stone Wall |
| 61:13 | Build | Stone Wall |
| 61:15 | Build | Stone Wall |
| 61:18 | Build | Stone Wall |
| 61:20 | Build | Stone Wall |
| 61:22 | Build | Stone Wall |
| 61:26 | Build | Stone Wall |
| 68:12 | Build | Stone Wall |
| 68:13 | Build | Stone Wall |
Match timeline
| 2:48 | SweetLadyboy · wall_segment Stone Wall x1 |
| 2:49 | SweetLadyboy · wall_segment Stone Wall x1 |
| 2:50 | SweetLadyboy · wall_segment Stone Wall x1 |
| 2:50 | shorty · wall_segment Stone Wall x8 |
| 3:00 | shorty · wall_segment Stone Wall x5 |
| 3:32 | Krack · tribute_sent a jugador 1 |
| 3:32 | Krack · tribute_sent a jugador 2 |
| 3:32 | Krack · tribute_sent a jugador 3 |
| 3:32 | Krack · tribute_sent a jugador 4 |
| 3:32 | Krack · tribute_sent a jugador 5 |
| 3:32 | Krack · tribute_sent a jugador 6 |
| 3:32 | Krack · tribute_sent a jugador 8 |
| 4:34 | SweetLadyboy · wall_segment Stone Wall x4 |
| 4:54 | shorty · wall_segment Stone Wall x3 |
| 4:59 | shorty · wall_segment Stone Wall x1 |
| 5:57 | shorty · wall_segment Stone Wall x2 |
| 6:03 | shorty · wall_segment Stone Wall x5 |
| 6:07 | Nightwing · first_building Barracks |
| 6:36 | lisva3696 · resign |
| 6:48 | shorty · wall_segment Stone Wall x4 |
| 6:52 | BLACK HOLE · first_building Barracks |
| 6:57 | shorty · wall_segment Stone Wall x5 |
| 7:19 | Nightwing · first_building Archery Range |
| 8:02 | shorty · wall_segment Stone Wall x3 |
| 8:09 | shorty · wall_segment Stone Wall x5 |
| 9:01 | BLACK HOLE · wall_segment Stone Wall x5 |
| 9:02 | BLACK HOLE · wall_segment Stone Wall x1 |
| 9:03 | BLACK HOLE · wall_segment Stone Wall x1 |
| 9:04 | BLACK HOLE · wall_segment Stone Wall x1 |
| 9:05 | BLACK HOLE · wall_segment Stone Wall x1 |
| 9:12 | shorty · wall_segment Stone Wall x6 |
| 9:56 | BLACK HOLE · wall_segment Stone Wall x4 |
| 10:05 | BLACK HOLE · wall_segment Stone Wall x1 |
| 10:06 | SweetLadyboy · first_building Barracks |
| 10:07 | BLACK HOLE · wall_segment Stone Wall x1 |
| 10:08 | BLACK HOLE · wall_segment Stone Wall x1 |
| 10:09 | shorty · wall_segment Stone Wall x6 |
| 10:10 | BLACK HOLE · wall_segment Stone Wall x1 |
| 10:12 | shorty · wall_segment Stone Wall x4 |
| 10:13 | BLACK HOLE · wall_segment Stone Wall x1 |
| 10:14 | BLACK HOLE · wall_segment Stone Wall x1 |
| 10:15 | BLACK HOLE · wall_segment Stone Wall x1 |
| 10:17 | BLACK HOLE · wall_segment Stone Wall x1 |
| 10:17 | BLACK HOLE · wall_segment Stone Wall x1 |
| 10:19 | BLACK HOLE · wall_segment Stone Wall x1 |
| 10:21 | BLACK HOLE · wall_segment Stone Wall x1 |
| 10:22 | BLACK HOLE · wall_segment Stone Wall x1 |
| 10:34 | shorty · first_building Archery Range |
| 10:41 | shorty · first_building Barracks |
| 11:24 | shorty · wall_segment Stone Wall x6 |
| 11:27 | SweetLadyboy · wall_segment Stone Wall x3 |
| 11:33 | SweetLadyboy · wall_segment Stone Wall x4 |
| 11:37 | SweetLadyboy · wall_segment Stone Wall x3 |
| 11:41 | SweetLadyboy · wall_segment Stone Wall x3 |
| 11:43 | SweetLadyboy · wall_segment Stone Wall x3 |
| 11:46 | SweetLadyboy · wall_segment Stone Wall x3 |
| 11:48 | SweetLadyboy · wall_segment Stone Wall x3 |
| 13:10 | BLACK HOLE · wall_segment Stone Wall x4 |
| 13:13 | BLACK HOLE · wall_segment Stone Wall x4 |
| 13:15 | BLACK HOLE · wall_segment Stone Wall x1 |
| 13:16 | BLACK HOLE · wall_segment Stone Wall x1 |
| 13:17 | BLACK HOLE · wall_segment Stone Wall x1 |
| 13:18 | BLACK HOLE · wall_segment Stone Wall x1 |
| 13:19 | BLACK HOLE · wall_segment Stone Wall x1 |
| 14:24 | Тхомпсон · wall_segment Stone Wall x3 |
| 14:33 | BLACK HOLE · wall_segment Stone Wall x3 |
| 14:35 | BLACK HOLE · wall_segment Stone Wall x4 |
| 14:37 | BLACK HOLE · wall_segment Stone Wall x3 |
| 14:39 | BLACK HOLE · wall_segment Stone Wall x3 |
| 14:43 | BLACK HOLE · wall_segment Stone Wall x3 |
| 14:45 | BLACK HOLE · wall_segment Stone Wall x3 |
| 14:48 | BLACK HOLE · wall_segment Stone Wall x3 |
| 15:41 | Тхомпсон · wall_segment Stone Wall x3 |
| 15:45 | Тхомпсон · wall_segment Stone Wall x4 |
| 15:51 | Тхомпсон · first_building Barracks |
| 16:25 | Тхомпсон · wall_segment Stone Wall x3 |
| 16:56 | BLACK HOLE · age_up castle |
| 16:59 | Тхомпсон · wall_segment Stone Wall x4 |
| 17:16 | BLACK HOLE · first_building Siege Workshop |
| 17:39 | BLACK HOLE · wall_segment Stone Wall x4 |
| 17:42 | BLACK HOLE · wall_segment Stone Wall x6 |
| 17:45 | BLACK HOLE · wall_segment Stone Wall x4 |
| 17:47 | BLACK HOLE · wall_segment Stone Wall x3 |
| 17:49 | BLACK HOLE · wall_segment Stone Wall x3 |
| 17:52 | BLACK HOLE · wall_segment Stone Wall x3 |
| 17:55 | BLACK HOLE · wall_segment Stone Wall x5 |
| 17:56 | BLACK HOLE · wall_segment Stone Wall x3 |
| 17:58 | BLACK HOLE · wall_segment Stone Wall x3 |
| 19:01 | SweetLadyboy · wall_segment Stone Wall x5 |
| 19:04 | SweetLadyboy · wall_segment Stone Wall x7 |
| 19:08 | SweetLadyboy · wall_segment Stone Wall x6 |
| 19:12 | Nightwing · age_up castle |
| 19:12 | SweetLadyboy · wall_segment Stone Wall x6 |
| 19:16 | SweetLadyboy · wall_segment Stone Wall x3 |
| 19:16 | Nightwing · first_building Siege Workshop |
| 19:17 | SweetLadyboy · wall_segment Stone Wall x3 |
| 19:19 | SweetLadyboy · wall_segment Stone Wall x3 |
| 19:20 | SweetLadyboy · wall_segment Stone Wall x1 |
| 19:22 | SweetLadyboy · wall_segment Stone Wall x4 |
| 19:24 | SweetLadyboy · wall_segment Stone Wall x3 |
| 19:24 | Nightwing · first_building Castle |
| 19:25 | SweetLadyboy · wall_segment Stone Wall x3 |
| 19:27 | SweetLadyboy · wall_segment Stone Wall x3 |
| 19:30 | SweetLadyboy · wall_segment Stone Wall x3 |
| 20:04 | Тхомпсон · age_up castle |
| 20:24 | Тхомпсон · first_market_buy 100 food |
| 20:26 | shorty · wall_segment Stone Wall x3 |
| 20:29 | shorty · wall_segment Stone Wall x3 |
| 20:32 | shorty · wall_segment Stone Wall x3 |
| 20:35 | shorty · wall_segment Stone Wall x4 |
| 20:39 | shorty · wall_segment Stone Wall x4 |
| 20:42 | shorty · wall_segment Stone Wall x4 |
| 20:45 | Тхомпсон · first_building Archery Range |
| 20:46 | shorty · wall_segment Stone Wall x4 |
| 20:49 | shorty · wall_segment Stone Wall x4 |
| 21:07 | BLACK HOLE · wall_segment Stone Wall x10 |
| 21:22 | SweetLadyboy · age_up castle |
| 22:55 | BLACK HOLE · age_up imperial |
| 23:30 | SweetLadyboy · first_building Castle |
| 23:48 | BLACK HOLE · first_building Castle |
| 24:05 | shorty · age_up castle |
| 24:16 | Nightwing · age_up imperial |
| 24:32 | BLACK HOLE · wall_segment Stone Wall x3 |
| 25:02 | BLACK HOLE · wall_segment Stone Wall x3 |
| 25:06 | Nightwing · first_market_buy 100 stone |
| 25:45 | BLACK HOLE · wall_segment Stone Wall x4 |
| 25:47 | Тхомпсон · first_building Castle |
| 25:48 | BLACK HOLE · wall_segment Stone Wall x2 |
| 25:50 | BLACK HOLE · wall_segment Stone Wall x3 |
| 25:59 | shorty · first_building Castle |
| 26:04 | Тхомпсон · first_building Siege Workshop |
| 26:45 | BLACK HOLE · wall_segment Stone Wall x3 |
| 27:08 | BLACK HOLE · wall_segment Stone Wall x13 |
| 27:17 | BLACK HOLE · wall_segment Stone Wall x9 |
| 27:19 | BLACK HOLE · wall_segment Stone Wall x9 |
| 27:22 | BLACK HOLE · wall_segment Stone Wall x11 |
| 27:33 | BLACK HOLE · wall_segment Stone Wall x1 |
| 27:51 | BLACK HOLE · wall_segment Stone Wall x1 |
| 28:11 | BLACK HOLE · wall_segment Stone Wall x1 |
| 28:27 | BLACK HOLE · tribute_sent a jugador 1 |
| 28:27 | BLACK HOLE · tribute_sent a jugador 3 |
| 28:27 | BLACK HOLE · tribute_sent a jugador 4 |
| 28:27 | BLACK HOLE · tribute_sent a jugador 5 |
| 28:27 | BLACK HOLE · tribute_sent a jugador 6 |
| 28:27 | BLACK HOLE · tribute_sent a jugador 7 |
| 28:27 | BLACK HOLE · tribute_sent a jugador 8 |
| 28:31 | BLACK HOLE · wall_segment Stone Wall x1 |
| 28:46 | BLACK HOLE · wall_segment Stone Wall x3 |
| 28:53 | BLACK HOLE · wall_segment Stone Wall x3 |
| 29:05 | BLACK HOLE · wall_segment Stone Wall x3 |
| 29:08 | BLACK HOLE · wall_segment Stone Wall x1 |
| 29:09 | BLACK HOLE · wall_segment Stone Wall x1 |
| 30:24 | BLACK HOLE · wall_segment Stone Wall x1 |
| 30:27 | Тхомпсон · age_up imperial |
| 30:30 | BLACK HOLE · wall_segment Stone Wall x3 |
| 30:33 | shorty · wall_segment Stone Wall x4 |
| 30:38 | shorty · wall_segment Stone Wall x4 |
| 30:51 | Тхомпсон · wall_segment Stone Wall x9 |
| 30:51 | shorty · wall_segment Stone Wall x6 |
| 30:55 | shorty · wall_segment Stone Wall x5 |
| 30:56 | Тхомпсон · wall_segment Stone Wall x9 |
| 30:58 | shorty · wall_segment Stone Wall x6 |
| 31:02 | shorty · wall_segment Stone Wall x5 |
| 31:15 | Тхомпсон · wall_segment Stone Wall x9 |
| 31:35 | BLACK HOLE · tribute_sent a jugador 1 |
| 31:35 | BLACK HOLE · tribute_sent a jugador 3 |
| 31:35 | BLACK HOLE · tribute_sent a jugador 4 |
| 31:35 | BLACK HOLE · tribute_sent a jugador 5 |
| 31:35 | BLACK HOLE · tribute_sent a jugador 6 |
| 31:35 | BLACK HOLE · tribute_sent a jugador 7 |
| 31:35 | BLACK HOLE · tribute_sent a jugador 8 |
| 31:42 | Nightwing · first_market_sell 500 food |
| 31:42 | SweetLadyboy · age_up imperial |
| 31:46 | BLACK HOLE · wall_segment Stone Wall x3 |
| 33:34 | BLACK HOLE · wall_segment Stone Wall x2 |
| 33:39 | BLACK HOLE · wall_segment Stone Wall x9 |
| 33:40 | BLACK HOLE · wall_segment Stone Wall x1 |
| 33:41 | BLACK HOLE · wall_segment Stone Wall x1 |
| 33:43 | BLACK HOLE · wall_segment Stone Wall x2 |
| 34:13 | SweetLadyboy · first_market_sell 100 wood |
| 34:23 | shorty · age_up imperial |
| 35:10 | shorty · wall_segment Stone Wall x4 |
| 35:13 | shorty · wall_segment Stone Wall x4 |
| 35:20 | shorty · wall_segment Stone Wall x4 |
| 35:28 | shorty · wall_segment Stone Wall x5 |
| 35:34 | shorty · wall_segment Stone Wall x4 |
| 35:36 | shorty · wall_segment Stone Wall x4 |
| 35:42 | shorty · wall_segment Stone Wall x5 |
| 35:43 | BLACK HOLE · wall_segment Stone Wall x12 |
| 35:51 | shorty · wall_segment Stone Wall x5 |
| 35:58 | shorty · wall_segment Stone Wall x5 |
| 38:06 | BLACK HOLE · wall_segment Stone Wall x4 |
| 38:08 | BLACK HOLE · wall_segment Stone Wall x2 |
| 38:09 | BLACK HOLE · wall_segment Stone Wall x1 |
| 38:09 | BLACK HOLE · wall_segment Stone Wall x1 |
| 38:11 | BLACK HOLE · wall_segment Stone Wall x2 |
| 38:48 | BLACK HOLE · wall_segment Stone Wall x3 |
| 39:08 | BLACK HOLE · wall_segment Stone Wall x1 |
| 39:16 | BLACK HOLE · wall_segment Stone Wall x2 |
| 39:25 | BLACK HOLE · wall_segment Stone Wall x2 |
| 39:32 | BLACK HOLE · wall_segment Stone Wall x1 |
| 39:42 | BLACK HOLE · wall_segment Stone Wall x1 |
| 39:55 | BLACK HOLE · wall_segment Stone Wall x1 |
| 40:06 | BLACK HOLE · wall_segment Stone Wall x1 |
| 40:12 | BLACK HOLE · wall_segment Stone Wall x1 |
| 40:17 | BLACK HOLE · wall_segment Stone Wall x4 |
| 41:12 | BLACK HOLE · wall_segment Stone Wall x1 |
| 42:38 | BLACK HOLE · wall_segment Stone Wall x1 |
| 43:20 | BLACK HOLE · wall_segment Stone Wall x1 |
| 43:37 | BLACK HOLE · wall_segment Stone Wall x1 |
| 45:04 | BLACK HOLE · wall_segment Stone Wall x1 |
| 45:10 | BLACK HOLE · wall_segment Stone Wall x1 |
| 45:25 | BLACK HOLE · wall_segment Stone Wall x1 |
| 45:43 | BLACK HOLE · wall_segment Stone Wall x1 |
| 45:56 | BLACK HOLE · wall_segment Stone Wall x1 |
| 47:20 | BLACK HOLE · wall_segment Stone Wall x1 |
| 48:06 | BLACK HOLE · wall_segment Stone Wall x4 |
| 48:07 | BLACK HOLE · wall_segment Stone Wall x1 |
| 48:12 | SweetLadyboy · wall_segment Stone Wall x3 |
| 48:13 | SweetLadyboy · wall_segment Stone Wall x3 |
| 48:15 | SweetLadyboy · wall_segment Stone Wall x3 |
| 48:22 | SweetLadyboy · wall_segment Stone Wall x3 |
| 48:24 | SweetLadyboy · wall_segment Stone Wall x3 |
| 48:26 | BLACK HOLE · wall_segment Stone Wall x5 |
| 48:27 | BLACK HOLE · wall_segment Stone Wall x2 |
| 48:27 | SweetLadyboy · wall_segment Stone Wall x3 |
| 48:29 | SweetLadyboy · wall_segment Stone Wall x3 |
| 48:31 | SweetLadyboy · wall_segment Stone Wall x3 |
| 48:33 | BLACK HOLE · wall_segment Stone Wall x1 |
| 48:34 | SweetLadyboy · wall_segment Stone Wall x3 |
| 48:36 | SweetLadyboy · wall_segment Stone Wall x3 |
| 48:38 | SweetLadyboy · wall_segment Stone Wall x3 |
| 48:40 | SweetLadyboy · wall_segment Stone Wall x3 |
| 48:42 | SweetLadyboy · wall_segment Stone Wall x3 |
| 48:45 | SweetLadyboy · wall_segment Stone Wall x3 |
| 48:48 | SweetLadyboy · wall_segment Stone Wall x3 |
| 48:52 | SweetLadyboy · wall_segment Stone Wall x3 |
| 48:57 | BLACK HOLE · wall_segment Stone Wall x1 |
| 48:59 | BLACK HOLE · wall_segment Stone Wall x1 |
| 49:00 | BLACK HOLE · wall_segment Stone Wall x1 |
| 49:00 | SweetLadyboy · wall_segment Stone Wall x1 |
| 49:02 | SweetLadyboy · wall_segment Stone Wall x1 |
| 49:06 | SweetLadyboy · wall_segment Stone Wall x1 |
| 49:07 | SweetLadyboy · wall_segment Stone Wall x1 |
| 49:09 | BLACK HOLE · wall_segment Stone Wall x4 |
| 49:11 | SweetLadyboy · wall_segment Stone Wall x1 |
| 49:14 | SweetLadyboy · wall_segment Stone Wall x1 |
| 49:16 | BLACK HOLE · wall_segment Stone Wall x2 |
| 49:22 | SweetLadyboy · wall_segment Stone Wall x10 |
| 49:52 | Nightwing · first_building Dock |
| 50:00 | BLACK HOLE · wall_segment Stone Wall x2 |
| 50:05 | BLACK HOLE · wall_segment Stone Wall x1 |
| 50:15 | BLACK HOLE · wall_segment Stone Wall x1 |
| 50:28 | BLACK HOLE · wall_segment Stone Wall x3 |
| 50:38 | BLACK HOLE · wall_segment Stone Wall x2 |
| 51:03 | BLACK HOLE · wall_segment Stone Wall x4 |
| 51:49 | BLACK HOLE · wall_segment Stone Wall x1 |
| 53:03 | shorty · first_building Dock |
| 57:55 | shorty · wall_segment Stone Wall x5 |
| 58:13 | shorty · wall_segment Stone Wall x3 |
| 58:16 | shorty · wall_segment Stone Wall x3 |
| 58:19 | shorty · wall_segment Stone Wall x3 |
| 58:24 | shorty · wall_segment Stone Wall x4 |
| 58:34 | shorty · wall_segment Stone Wall x4 |
| 61:02 | shorty · wall_segment Stone Wall x3 |
| 61:06 | shorty · wall_segment Stone Wall x3 |
| 61:08 | shorty · wall_segment Stone Wall x4 |
| 61:10 | shorty · wall_segment Stone Wall x3 |
| 61:13 | shorty · wall_segment Stone Wall x4 |
| 61:15 | shorty · wall_segment Stone Wall x3 |
| 61:18 | shorty · wall_segment Stone Wall x3 |
| 61:20 | shorty · wall_segment Stone Wall x3 |
| 61:22 | shorty · wall_segment Stone Wall x3 |
| 61:26 | shorty · wall_segment Stone Wall x3 |
| 61:59 | BLACK HOLE · first_building Dock |
| 67:13 | BLACK HOLE · tribute_sent a jugador 1 |
| 67:13 | BLACK HOLE · tribute_sent a jugador 3 |
| 67:13 | BLACK HOLE · tribute_sent a jugador 4 |
| 67:13 | BLACK HOLE · tribute_sent a jugador 5 |
| 67:13 | BLACK HOLE · tribute_sent a jugador 6 |
| 67:13 | BLACK HOLE · tribute_sent a jugador 7 |
| 67:13 | BLACK HOLE · tribute_sent a jugador 8 |
| 68:12 | shorty · wall_segment Stone Wall x3 |
| 68:13 | shorty · wall_segment Stone Wall x3 |
| 68:16 | shorty · wall_segment Stone Wall x3 |
| 68:21 | shorty · wall_segment Stone Wall x3 |
| 68:24 | shorty · wall_segment Stone Wall x3 |
| 68:26 | shorty · wall_segment Stone Wall x3 |
| 68:29 | shorty · wall_segment Stone Wall x3 |
| 75:19 | BLACK HOLE · wall_segment Stone Wall x1 |
| 75:21 | BLACK HOLE · wall_segment Stone Wall x1 |
| 75:22 | BLACK HOLE · wall_segment Stone Wall x1 |
| 75:23 | BLACK HOLE · wall_segment Stone Wall x1 |
| 75:23 | BLACK HOLE · wall_segment Stone Wall x1 |
| 75:48 | BLACK HOLE · wall_segment Stone Wall x2 |
| 75:55 | BLACK HOLE · wall_segment Stone Wall x4 |
| 76:17 | BLACK HOLE · wall_segment Stone Wall x1 |
| 76:35 | BLACK HOLE · wall_segment Stone Wall x1 |
| 76:41 | BLACK HOLE · wall_segment Stone Wall x1 |
| 76:42 | BLACK HOLE · wall_segment Stone Wall x1 |
| 76:43 | BLACK HOLE · wall_segment Stone Wall x1 |
| 76:44 | BLACK HOLE · wall_segment Stone Wall x1 |
| 76:47 | BLACK HOLE · wall_segment Stone Wall x5 |
| 77:03 | SweetLadyboy · wall_segment Stone Wall x1 |
| 77:03 | SweetLadyboy · wall_segment Stone Wall x1 |
| 77:03 | SweetLadyboy · wall_segment Stone Wall x1 |
| 77:04 | SweetLadyboy · wall_segment Stone Wall x1 |
| 77:06 | SweetLadyboy · wall_segment Stone Wall x3 |
| 77:08 | SweetLadyboy · wall_segment Stone Wall x3 |
| 77:14 | SweetLadyboy · wall_segment Stone Wall x3 |
| 77:17 | SweetLadyboy · wall_segment Stone Wall x3 |
| 77:18 | SweetLadyboy · wall_segment Stone Wall x3 |
| 77:21 | SweetLadyboy · wall_segment Stone Wall x3 |
| 77:23 | SweetLadyboy · wall_segment Stone Wall x3 |
| 77:32 | SweetLadyboy · wall_segment Stone Wall x3 |
| 77:39 | SweetLadyboy · wall_segment Stone Wall x3 |
| 77:41 | SweetLadyboy · wall_segment Stone Wall x3 |
| 77:44 | SweetLadyboy · wall_segment Stone Wall x3 |
| 77:49 | SweetLadyboy · wall_segment Stone Wall x7 |
| 77:53 | SweetLadyboy · wall_segment Stone Wall x7 |
| 77:58 | SweetLadyboy · wall_segment Stone Wall x6 |
| 78:23 | SweetLadyboy · wall_segment Stone Wall x1 |
| 78:24 | SweetLadyboy · wall_segment Stone Wall x1 |
| 78:25 | SweetLadyboy · wall_segment Stone Wall x1 |
| 78:30 | SweetLadyboy · wall_segment Stone Wall x9 |
| 78:41 | SweetLadyboy · first_building Dock |
| 80:17 | BLACK HOLE · tribute_sent a jugador 1 |
| 80:17 | BLACK HOLE · tribute_sent a jugador 3 |
| 80:17 | BLACK HOLE · tribute_sent a jugador 4 |
| 80:17 | BLACK HOLE · tribute_sent a jugador 5 |
| 80:17 | BLACK HOLE · tribute_sent a jugador 6 |
| 80:17 | BLACK HOLE · tribute_sent a jugador 7 |
| 80:17 | BLACK HOLE · tribute_sent a jugador 8 |
| 80:46 | BLACK HOLE · tribute_sent a jugador 1 |
| 80:46 | BLACK HOLE · tribute_sent a jugador 3 |
| 80:46 | BLACK HOLE · tribute_sent a jugador 4 |
| 80:46 | BLACK HOLE · tribute_sent a jugador 5 |
| 80:46 | BLACK HOLE · tribute_sent a jugador 6 |
| 80:46 | BLACK HOLE · tribute_sent a jugador 7 |
| 80:46 | BLACK HOLE · tribute_sent a jugador 8 |
| 83:24 | BLACK HOLE · wall_segment Stone Wall x5 |
| 83:58 | BLACK HOLE · wall_segment Stone Wall x5 |
| 84:06 | BLACK HOLE · wall_segment Stone Wall x3 |
| 84:07 | BLACK HOLE · wall_segment Stone Wall x1 |
| 84:07 | BLACK HOLE · wall_segment Stone Wall x1 |
| 84:08 | BLACK HOLE · wall_segment Stone Wall x1 |
| 84:36 | BLACK HOLE · wall_segment Stone Wall x3 |
| 84:43 | BLACK HOLE · wall_segment Stone Wall x7 |
| 85:25 | BLACK HOLE · wall_segment Stone Wall x3 |
| 85:32 | BLACK HOLE · wall_segment Stone Wall x5 |
| 86:02 | BLACK HOLE · wall_segment Stone Wall x6 |
| 86:05 | BLACK HOLE · wall_segment Stone Wall x2 |
| 86:07 | BLACK HOLE · wall_segment Stone Wall x2 |
| 86:10 | BLACK HOLE · wall_segment Stone Wall x4 |
| 86:11 | BLACK HOLE · wall_segment Stone Wall x1 |
| 86:17 | BLACK HOLE · wall_segment Stone Wall x9 |
| 86:42 | BLACK HOLE · wall_segment Stone Wall x1 |
| 87:03 | BLACK HOLE · wall_segment Stone Wall x6 |
| 87:05 | BLACK HOLE · wall_segment Stone Wall x7 |
| 87:12 | BLACK HOLE · wall_segment Stone Wall x4 |
| 87:14 | BLACK HOLE · wall_segment Stone Wall x2 |
| 87:45 | BLACK HOLE · wall_segment Stone Wall x6 |
| 88:09 | BLACK HOLE · wall_segment Stone Wall x7 |
| 88:22 | BLACK HOLE · wall_segment Stone Wall x9 |
| 88:56 | BLACK HOLE · wall_segment Stone Wall x1 |
| 89:00 | BLACK HOLE · wall_segment Stone Wall x1 |
| 89:03 | BLACK HOLE · wall_segment Stone Wall x1 |
| 89:05 | BLACK HOLE · wall_segment Stone Wall x1 |
| 89:06 | BLACK HOLE · wall_segment Stone Wall x1 |
| 89:11 | BLACK HOLE · wall_segment Stone Wall x2 |
| 89:14 | BLACK HOLE · wall_segment Stone Wall x4 |
| 89:30 | BLACK HOLE · wall_segment Stone Wall x8 |
| 90:36 | BLACK HOLE · wall_segment Stone Wall x5 |
| 91:46 | BLACK HOLE · wall_segment Stone Wall x2 |
| 91:49 | BLACK HOLE · wall_segment Stone Wall x1 |
| 91:52 | BLACK HOLE · wall_segment Stone Wall x1 |
[ AI ANALYSIS · 1 CREDIT ]
What really happened in this match?
Wolo.gg analyzes every decision: build order, eco, micro, common mistakes by bracket. Personalized analysis on WhatsApp or Discord in 30 seconds.
Civ guide
Byzantines
Map guide
Jurassic_Park_Black_V32_Water_World (Scenario)
Perfil
Jugador #274621